 Dungeon Crawl Stone Soup version 0.16-a0-3074-gc0bb631 (webtiles) character file.

97 MackTheKnife the Sneak (level 4, 0/23 HPs)
             Began as a Vine Stalker Wanderer on Dec 11, 2014.
             Succumbed to an adder's poison
             ... on level 2 of the Dungeon.
             The game lasted 00:05:10 (1794 turns).

MackTheKnife the Sneak (Vine Stalker Wanderer)      Turns: 1794, Time: 00:05:10

Health: 0/23       AC:  3    Str: 13    XL:     4   Next: 68%
Magic:  4/8        EV: 11    Int: 16    God:
Gold:   49         SH:  0    Dex: 12    Spells: 1 memorised, 5 levels left

rFire  + . .     SeeInvis .     a - +0 dagger
rCold  + . .     Clarity  .     e - +0 robe
rNeg   . . .     SustAb   .     (no shield)
rPois  +         Gourm    .     (no helmet)
rElec  +         Spirit   +     (no cloak)
rCorr  +         Warding  .     (no gloves)
rMut   .         Stasis   .     (no boots)
MR     .....                    (no amulet)
Stlth  +++.......               (no ring)
                                r - +1 ring of protection

@: lethally poisoned, resistant, not resistant to hostile enchantments, fairly
stealthy
A: fangs 2, regeneration 1, magic shield, antimagic bite, no device heal 3, rot
immunity
a: no special abilities


You were on level 2 of the Dungeon.
You were not hungry.

You visited 1 branch of the dungeon, and saw 2 of its levels.

You collected 49 gold pieces.


Innate Abilities, Weirdness & Mutations

You have extremely sharp teeth.
Your natural rate of healing is unusually fast.
When hurt, damage is shared between your health and your magic reserves.
Your bite disrupts and absorbs the magic of your enemies.
Potions and wands cannot restore your health.
You are immune to rotting.


   Skills:
 - Level 1.7 Fighting
   Level 1.0 Staves
 - Level 1.0 Throwing
 + Level 5.5 Stealth
 - Level 2.1 Spellcasting
   Level 2.0 Hexes
   Level 1.0 Transmutations
   Level 1.0 Evocations


You had 5 spell levels left.
You knew the following spells:

 Your Spells              Type           Power        Failure   Level  Hunger
a - Shroud of Golubria    Chrm/Tloc      #.........   30%         2    ###....

Inventory:

Hand weapons
 a - a +0 dagger (weapon)
 b - a +2 blowgun
Armour
 e - a +0 robe (worn)
Jewellery
 r - a +1 ring of protection (left hand)
Scrolls
 d - 2 scrolls of teleportation
 h - 2 scrolls of identify {unknown}
 i - a scroll of random uselessness {unknown}
 k - a scroll of amnesia {unknown}
 l - 2 scrolls of enchant weapon {unknown}
Potions
 j - a potion of ambrosia {unknown}
 m - a potion of invisibility {unknown}
 n - a potion of curing {unknown}
Books
 c - the Compendium of Dominance

   Spells                             Type                      Level
   a - Song of Slaying                Charms                       2
   b - Shroud of Golubria             Charms/Translocation         2
Comestibles
 f - 3 bread rations
 g - a chunk of flesh {@*1}
 q - a meat ration

#....._.......##.#
#.#.......#...# .#
#.#.......#...# ..
#.##.....##...# #.##
#.####.####.### ..#
#.....†.....# .# #
##.#........# .#.#
#..........######(..#
##.........'...f.#..#####
#.........#####S........
#.........# #..#.#####
#.........# #..# #
#.######### #..# #. #..#
#..# [.(# #...


You could see an adder.


Message History

The adder is severely wounded.
You feel sick. The adder bites you.
* * * LOW HITPOINT WARNING * * *
The adder bites you but does no damage.
You closely miss the adder.
The adder is severely wounded.
The adder bites you.
* * * LOW HITPOINT WARNING * * *
You are lethally poisoned!
The adder poisons you!
You hit the adder but do no damage.
The adder is severely wounded.
* * * LOW HITPOINT WARNING * * *
You feel sick. The adder bites you.
* * * LOW HITPOINT WARNING * * *
You hit the adder.
The adder is almost dead.
* * * LOW HITPOINT WARNING * * *
You feel sick. The adder bites you.
Unknown command.
You hit the adder but do no damage.
The adder is almost dead.
* * * LOW HITPOINT WARNING * * *
You feel sick. The adder barely misses you. The adder bites you.
Unknown command.
Unknown command.
Drink which item? (? for menu, Esc to quit)
It was a potion of resistance.
You feel protected.
You die...

Action                   |  1- 3 |  4- 6 || total
-------------------------+-------+-------++-------
Melee: Dagger            |   165 |    51 ||   216
 Fire: Blowgun           |     5 |     3 ||     8
  Use: Potion            |       |     1 ||     1
 Stab: Sleeping          |     7 |     1 ||     8
  Eat: Chunk             |     1 |     2 ||     3

Vault maps used:
D:1:      kilobyte_arrival_exit_the_forest
D:2:      old_standard_altar, first_bread, due_unseen_surprise, uniq_sigmund,
          uniq_jessica

Notes
Turn   | Place    | Note
--------------------------------------------------------------
     0 | D:1      | MackTheKnife, the Vine Stalker Wanderer, began the quest for the Orb.
     0 | D:1      | MackTheKnife set off with: 3 curare-tipped needles, a +2 blowgun, the Compendium of Dominance, a scroll of teleportation, a +0 robe, a bread ration
     0 | D:1      | Reached XP level 1. HP: 11/11 MP: 3/3
    84 | D:1      | Reached skill level 1 in Stealth
   218 | D:1      | Reached skill level 2 in Stealth
   218 | D:1      | Reached XP level 2. HP: 8/15 MP: 3/5
   425 | D:1      | Reached skill level 3 in Stealth
   513 | D:1      | Reached XP level 3. HP: 15/18 MP: 7/7
  1028 | D:2      | Noticed Sigmund
  1186 | D:1      | Reached skill level 4 in Stealth
  1361 | D:2      | Reached XP level 4. HP: 17/23 MP: 8/8
  1416 | D:2      | Identified the Compendium of Dominance
  1419 | D:2      | Learned a level 2 spell: Shroud of Golubria
  1585 | D:2      | Noticed Jessica
  1590 | D:2      | Killed Jessica
  1590 | D:2      | Reached skill level 5 in Stealth
  1631 | D:2      | Found a sacrificial altar of Ru.
  1792 | D:2      | HP: 2/23 [poisoned by an adder]
  1794 | D:2      | Succumbed to an adder's poison

Vanquished Creatures
  Jessica (D:2)
  3 gnolls
  A worm (D:2)
  2 giant geckos (D:1)
  An ooze (D:1)
  6 giant cockroaches
  4 goblins (D:2)
  3 hobgoblins (D:2)
  5 kobolds
  7 bats (D:1)
  4 giant newts
  12 rats
49 creatures vanquished.
